 Dungeon Crawl Stone Soup version 0.23.0 (webtiles) character file.

Game seed: 17435774994612990861

74 Sandy the Chiller (level 4, 0/30 HPs)
             Began as a Vampire Ice Elementalist on Feb 11, 2019.
             Was an Initiate of Dithmenos.
             Slain by a killer bee zombie (7 damage)
             ... on level 2 of the Dungeon.
             The game lasted 00:08:52 (2257 turns).

Sandy the Chiller (Vampire Ice Elementalist)        Turns: 2257, Time: 00:08:54

Health: 0/30       AC:  2    Str:  7    XL:     4   Next: 9%
Magic:  3/7        EV: 12    Int: 18    God:    Dithmenos [......]
Gold:   95         SH:  0    Dex: 14    Spells: 6/7 levels left

rFire    + . .     SeeInvis +   n - +4 whip
rCold    + . .     Gourm    .   (no shield)
rNeg     + + +     Faith    .   a - +0 robe
rPois    ∞         Spirit   .   (no helmet)
rElec    .         Reflect  .   (no cloak)
rCorr    .         Harm     .   (no gloves)
MR       .....                  (no boots)
Stlth    ++++......             (no amulet)
HPRegen  0.00/turn              g - ring of positive energy
MPRegen  0.10/turn              l - ring of fire

@: bloodless, non-regenerating
A: rotting body, fangs 3, see invisible, unbreathing
a: Bat Form, Renounce Religion


You were on level 2 of the Dungeon.
You worshipped Dithmenos.
Dithmenos was noncommittal.
You were bloodless.

You visited 1 branch of the dungeon, and saw 2 of its levels.

You collected 95 gold pieces.

Inventory:

Hand Weapons
 f - a +0 short sword
 n - a +4 whip (weapon)
Missiles
 b - 50 stones (quivered)
Armour
 a - a +0 robe (worn)
Jewellery
 g - a ring of positive energy (left hand)
 l - a ring of fire (right hand)
Scrolls
 h - a scroll of magic mapping {unknown}
 i - a scroll of enchant weapon {unknown}
 m - 2 scrolls of fear {unknown}
 o - a scroll of teleportation {unknown}
Potions
 c - 12 potions of blood
 d - a potion of lignification {unknown}
 e - a potion of curing {unknown}
 j - a potion of ambrosia {unknown}
 k - a potion of agility {unknown}


   Skills:
 - Level 0.2 Short Blades
 - Level 2.1 Dodging
 - Level 3.0 Stealth
 - Level 2.0 Spellcasting
   Level 0.6 Conjurations
 + Level 4.9 Ice Magic


You had 6 spell levels left.
You knew the following spells:

 Your Spells              Type           Power        Failure   Level  Hunger
a - Freeze                Ice            ###.         2%          1    #......

Your spell library contained the following spells:

 Spells                   Type           Power        Failure   Level  Hunger
 Throw Frost              Conj/Ice       ##....       9%          2    ###....
 Ozocubu's Armour         Chrm/Ice       ##......     21%         3    ###....
 Throw Icicle             Conj/Ice       ##......     50%         4    #####..
 Summon Ice Beast         Ice/Summ       ##......     54%         4    #####..


Dungeon Overview and Level Annotations

Branches:
Dungeon (2/15)

Altars:
Dithmenos

Annotations:
D:2 Robin


Innate Abilities, Weirdness & Mutations

Your body is rotting away.
You thrive on raw meat.
You do not heal naturally.
You are immune to poison.
You have razor-sharp teeth.
You have supernaturally acute eyesight. (SInv)
You can survive without breathing.


Message History

Confirm with . or Enter, or press ? or * to list all spells.
Aiming: Freeze (safe; 2% risk of failure)
Press: ? - help, Shift-Dir - straight line, f - killer bee zombie
Aim: a killer bee zombie The killer bee zombie completely resists.
You freeze the killer bee zombie but do no damage.
The killer bee zombie hits you! The killer bee zombie hits you.
* * * LOW HITPOINT WARNING * * *
Press: ? - help, v - describe, . - travel The floor.
Unknown command.
The killer bee zombie barely misses you.
The killer bee zombie barely misses you.
You see here a stone.
You miss the killer bee zombie.
The killer bee zombie closely misses you. x2
You hit the killer bee zombie.
The killer bee zombie is lightly damaged.
The killer bee zombie hits you!
You die...

####?.... .......#
#.#...#.#
#.....#.# ###
#....$# #..
....#.#.# #.#
#.#.#>#.# #.#
###.#.#Z# #.#
#.....#@#
#.###.#.###(#
######.....#....)#
................>#
#######.#.##.###.#
#####÷#.#### #.#
#.÷...#.# #.#
#.#####.# #.# #.
#.# #.#


You could see a killer bee zombie.

Vanquished Creatures
  3 adders (D:2)
  A leopard gecko (D:1)
  7 goblins
  7 hobgoblins
  3 jackals (D:2)
  5 kobolds
  2 quokkas (D:2)
  7 bats
  A frilled lizard (D:1)
  6 rats
42 creatures vanquished.

Notes
Turn   | Place    | Note
-------+----------+-------------------------------------------
     0 | D:1      | Sandy the Vampire Ice Elementalist began the quest for the
                  | Orb.
     0 | D:1      | Reached XP level 1. HP: 13/13 MP: 3/3
   375 | D:1      | Reached XP level 2. HP: 19/19 MP: 1/5
   681 | D:2      | Reached skill level 4 in Ice Magic
   970 | D:2      | Noticed Robin
  1311 | D:2      | Found a shadowy altar of Dithmenos.
  1319 | D:2      | Became a worshipper of Dithmenos the Shadowed
  1322 | D:2      | Reached XP level 3. HP: 22/24 MP: 3/6
  2213 | D:2      | Reached XP level 4. HP: 15/30 MP: 3/7
  2257 | D:2      | Slain by a killer bee zombie

Skill      XL: |  1  2 |
---------------+-------+-----
Ice Magic      | 4 |  4.9
Short Blades   | |  0.2
Dodging        | |  2.1
Stealth        | |  3.0
Spellcasting   | |  2.0
Conjurations   | |  0.6

Action                   |  1- 3 |  4- 6 || total
-------------------------+-------+-------++-------
Melee: Unarmed           |     4 |       ||     4
       Short sword       |    17 |       ||    17
       Bite              |     3 |       ||     3
       Whip              |     4 |     4 ||     8
Throw: Stone             |    26 |     2 ||    28
 Cast: Freeze            |    48 |     5 ||    53
  Use: Potion            |     1 |       ||     1
 Stab: Sleeping          |     6 |     1 ||     7
Armor: Robe              |    16 |       ||    16
Dodge: Dodged            |    56 |     6 ||    62
